 Dungeon Crawl Stone Soup version 0.31-a0-704-g1016066182 (webtiles) character file.

Game seed: 5266075216771609788

1309 Ordine the Ruffian (level 8, -1/81 HPs)
             Began as an Octopode Shapeshifter on Sept 9, 2023.
             Killed by divine providence
             ... invoked by an orc priest
              (12 damage)
             ... on level 6 of the Dungeon.
             The game lasted 00:09:11 (4694 turns).

Ordine the Ruffian (Octopode Shapeshifter)          Turns: 4694, Time: 00:09:12

Health: -1/81      AC: 24    Str: 15    XL:     8   Next: 58%
Magic:  8/8        EV:  2    Int: 13    God:
Gold:   224        SH:  0    Dex: 11    Spells: 7/7 levels left

rFire   . .          .
                       - Unarmed
rCold   . . .        (no shield)
rNeg    . . .        (helmet currently unavailable)
rPois   +            k - amulet of regeneration
rElec   .            y - ring of flight
rCorr   .            (no ring)
SInv    .            (no ring)
Will    .....        (no ring)
Stlth   +++          (no ring)
HPRegen 1.13/turn    (no ring)
MPRegen 0.11/turn    (no ring)
                     (no ring)

%: no passive effects
@: tree-form
A: stationary, stasis, torment immunity, boosted hp, almost no armour,
(amphibious), 8 rings, (camouflage 1), (gelatinous body 1), (nimble swimmer 1),
(tentacles)
a: no special abilities


You were on level 6 of the Dungeon.
You were a tree.
You visited 2 branches of the dungeon, and saw 7 of its levels.
You also visited: Sewer.

You collected 224 gold pieces.

Inventory:

Jewellery
 k - an amulet of regeneration (around neck)
 y - a ring of flight (left branch)
 C - an amulet of magic regeneration
Talismans
 b - a beast talisman
 c - a flux talisman
 m - a maw talisman
Wands
 E - a wand of polymorph (10)
Scrolls
 d - a scroll of enchant weapon {unknown}
 e - 2 scrolls of fear {unknown}
 g - a scroll of immolation {unknown}
 h - a scroll of blinking {unknown}
 i - a scroll of poison {unknown}
 j - a scroll of amnesia {unknown}
 l - 2 scrolls of brand weapon {unknown}
 n - a scroll of enchant armour {unknown}
 o - a scroll of noise {unknown}
 q - a scroll of revelation {unknown}
 r - 3 scrolls of butterflies {unknown}
 s - 4 scrolls of teleportation {unknown}
 t - a scroll of fog {unknown}
 z - a scroll of torment {unknown}
 B - 3 scrolls of vulnerability {unknown}
 D - a scroll of identify {unknown}
Potions
 a - 3 potions of lignification
 f - a potion of experience {unknown}
 p - a potion of curing {unknown}
 u - 2 potions of might {unknown}
 v - a potion of enlightenment {unknown}
 w - a potion of heal wounds {unknown}
 x - 2 potions of degeneration {unknown}
 A - a potion of cancellation {unknown}


   Skills:
 + Level 4.1 Fighting
 + Level 4.4 Dodging
 + Level 5.5 Stealth
 * Level 6.7 Unarmed Combat
 + Level 4.7 Shapeshifting


You had 7 spell levels left.
You didn't know any spells.
Your spell library contained the following spells:

 Spells                   Type           Power      Damage    Failure   Level
 Kiss of Death            Conj/Necr      0%         2d5       30%         1
 Confusing Touch          Hex            0%         N/A       67%         3
 Dispel Undead            Necr           0%         3d6       97%         4


Dungeon Overview and Level Annotations

Branches:
Dungeon (6/15)             Temple (1/1) D:5           Sewer (visited)

Altars:
Ashenzari
Cheibriados
Elyvilon
Fedhas
Hepliaklqana
Kikubaaqudgha
Makhleb
Okawaru
Ru
Sif Muna
Trog
Uskayaw
Vehumet
Wu Jian
Xom
Yredelemnul
Zin
The Shining One

Shops:
D:1 [   D:4 :


Innate Abilities, Weirdness & Mutations

You are a tree.
Your roots penetrate the ground, keeping you stationary.
You cannot be teleported.
You are immune to unholy pain and torment.
Your maximum health is greatly increased.
You cannot wear most types of armour.
((You are amphibious.))
You can wear up to eight rings at the same time.
((Your skin changes colour to match your surroundings (Stealth+).))
((Your rubbery body absorbs attacks. (AC +1, EV +1)))
((You are camouflaged when in or above water. (Stealth+)))
((You have tentacles for arms and can constrict up to eight enemies at once.))


Message History

The orc warrior is severely wounded.
You hit the orc warrior but do no damage.
You punch the orc warrior, but do no damage.
The orc warrior is severely wounded.
The orc hits you but does no damage.
The orc priest hits you but does no damage.
The orc warrior hits you with a +0 scimitar.
* * * LOW HITPOINT WARNING * * *
You hit the orc warrior.
The orc warrior is almost dead.
The orc hits you but does no damage.
The orc priest hits you but does no damage.
The orc warrior hits you but does no damage.
You hit the orc warrior but do no damage.
The orc warrior is almost dead.
The orc hits you with a +0 hand axe.
* * * LOW HITPOINT WARNING * * *
The orc priest calls upon Beogh to heal the orc warrior.
The orc warrior is healed somewhat.
The orc warrior hits you but does no damage.
You smack the orc warrior!
The orc warrior is almost dead.
The orc hits you with a +0 hand axe.
* * * LOW HITPOINT WARNING * * *
The orc priest hits you with a +0 short sword.
* * * LOW HITPOINT WARNING * * *
The orc warrior hits you with a +0 scimitar!
* * * LOW HITPOINT WARNING * * *
You hit the orc warrior.
You kill the orc warrior!
The orc completely misses you.
The orc priest mumbles some strange prayers to Beogh against you.
Beogh smites you!
* * * LOW HITPOINT WARNING * * *
You smack the orc priest!
The orc priest is heavily wounded.
The orc hits you but does no damage.
The orc priest calls down the wrath of Beogh upon you.
Beogh smites you!
You die...

#### #..# #..#
#.... #..#
.....#..# #....#..#
#....#oo# #...##♣)#
#...##..# #.......#
.. #.......# ..
+...##### ..
#...##..# ..
#####...##..#
####+##..##.......#
..............##..#


You could see an orc priest and an orc.

Vanquished Creatures
  A water moccasin (D:5)
  An ice beast (D:5)
  An orc warrior (D:6)
  An ogre (D:5)
  4 kobold brigands (Sewer)
  3 scorpions
  A sleepcap (D:4)
  A gnoll bouda (D:5)
  An orc priest (D:5)
  3 iguanas
  Robin (D:2)
  4 gnolls (D:5)
  12 adders
  4 river rats (Sewer)
  2 worms
  A dart slug (D:4)
  14 orcs
  5 ball pythons
  11 endoplasms
  6 giant cockroaches
  15 goblins
  12 hobgoblins
  3 quokkas (D:3)
  5 bats
  2 frilled lizards (D:1)
  8 kobolds
  8 rats
  A butterfly (D:5)
131 creatures vanquished.

Notes
Turn   | Place    | Note
-------+----------+-------------------------------------------
     0 | D:1      | Ordine the Octopode Shapeshifter began the quest for the
                  | Orb.
     0 | D:1      | Reached XP level 1. HP: 13/13 MP: 1/1
   112 | D:1      | Found Ziukk's Antique Armour Shop.
   517 | D:1      | Reached XP level 2. HP: 17/18 MP: 2/2
   595 | D:1      | Reached skill level 1 in Stealth
   674 | D:1      | Found a faded altar of an unknown god.
  1045 | D:2      | Reached XP level 3. HP: 15/23 MP: 3/3
  1098 | D:2      | Found a sacrificial altar of Ru.
  1169 | D:2      | Noticed Robin
  1198 | D:1      | Reached XP level 4. HP: 12/28 MP: 4/4
  1457 | D:2      | Killed Robin
  1951 | D:3      | Reached skill level 4 in Unarmed Combat
  2013 | D:3      | Found a glowing drain.
  2031 | Sewer    | Entered a sewer
  2054 | Sewer    | Noticed a kobold brigand
  2068 | Sewer    | Killed a kobold brigand
  2069 | Sewer    | Reached XP level 5. HP: 27/34 MP: 5/5
  2163 | Sewer    | Noticed a kobold brigand
  2177 | Sewer    | Killed a kobold brigand
  2178 | Sewer    | Reached XP level 6. HP: 11/40 MP: 6/6
  2358 | Sewer    | Reached skill level 5 in Unarmed Combat
  2408 | Sewer    | Reached XP level 7. HP: 45/45 MP: 7/7
  3112 | D:4      | Found Hoskym's Book Boutique.
  3164 | D:4      | Found a snail-covered altar of Cheibriados.
  3596 | D:5      | Entered Level 5 of the Dungeon
  3763 | D:5      | Reached XP level 8. HP: 33/52 MP: 8/8
  3990 | D:5      | Reached skill level 6 in Unarmed Combat
  4224 | D:5      | Reached skill level 5 in Stealth
  4229 | D:5      | Found a staircase to the Ecumenical Temple.
  4238 | Temple   | Entered the Ecumenical Temple
  4694 | D:6      | Killed from afar by an orc priest

Illustrated notes

Levels and vault maps discovered:
D:1:      minmay_arrival_solitary_statue, layout_loops_corners, serial_shops,
          shop, hellmonk_ecumenical_altar_zigzags, chequers_serial_rivers_room_b
D:2:      layout_basic, basic_altar, uniq_robin
D:3:      layout_rooms, gup_sewer_entry_pipe, hex_large
D:4:      layout_basic, kennysheep_slug_shrine, serial_shops,
          nicolae_shop_advertising_works [nicolae_subvault_shop_adworks]
D:5:      layout_basic, minmay_temple_entry_butterflies,
          nicolae_houndstooth_variations
D:6:      layout_gridville, nicolae_qazlal_scattered_showers, minmay_manual_mess
Temple:   bh_familiar_temple

Skill      XL: |  1  2  3  4  5  6  7  8 |
---------------+-------------------------+-----
Stealth        | 1 2 3 4 5 |  5.5
Unarmed Combat | 4 5 6 |  6.7
Fighting       | 2 3 4 |  4.1
Dodging        | 3 4 |  4.4
Shapeshifting  | 4 |  4.7

Action                     |  1- 3 |  4- 6 |  7- 9 || total
---------------------------+-------+-------+-------++-------
  Melee: Unarmed           |    55 |    86 |   140 ||   281
         Constrict         |    14 |    19 |    35 ||    68
         Tentacles         |    10 |    22 |    34 ||    66
         Punch             |     4 |     4 |     6 ||    14
    Use: Potion            |       |       |     1 ||     1
   Stab: Sleeping          |     3 |     5 |    18 ||    26
 Armour: Skin              |    37 |    39 |    61 ||   137
  Dodge: Dodged            |    53 |    41 |    68 ||   162

Table legend: (Time is in decaauts)
 A = Elapsed time spent in this place.
 B = Non-inter-level travel time spent in this place.
 C = Inter-level travel time spent in this place.
 D = Time resting spent in this place.
 E = Time spent auto-exploring this place.
 F = Levels seen in this place.
 G = Mean time per level.
                   A        B        C        D        E       F      G
               +--------+--------+--------+--------+--------+-----+--------+
         Total |   4678 |   4153 |    525 |    265 |   3008 |   8 |  584.8 |
       Dungeon |   4023 |   3498 |    525 |    234 |   2596 |   6 |  670.5 |
        Temple |     22 |     22 |      0 |     21 |      0 |   1 |   22.0 |
         Sewer |    632 |    632 |      0 |     10 |    412 |   1 |  632.0 |
               +--------+--------+--------+--------+--------+-----+--------+

Top non-repeatable levels by time:
     D:1: 1287 daAuts
     D:5: 902 daAuts
     D:3: 661 daAuts
   Sewer: 632 daAuts
     D:4: 605 daAuts
     D:2: 484 daAuts
     D:6: 84 daAuts
  Temple: 22 daAuts
